 Dungeon Crawl Stone Soup version 0.25-a0-578-gc91f01c39c (webtiles) character file.

Game seed: 1904037497793574881, levelgen mode: deterministic

32468 Flugslaktarn the Severer (level 13, -2/122 HPs)
             Began as a Deep Dwarf Fighter on Mar 3, 2020.
             Was a High Priest of Makhleb.
             Killed from afar by a rime drake (21 damage)
             ... with a flash freeze
             ... on level 6 of the Lair of Beasts.
             The game lasted 00:07:36 (9502 turns).

Flugslaktarn the Severer (Deep Dwarf Fighter)       Turns: 9502, Time: 00:07:37

Health: -2/122     AC: 17    Str: 24    XL:     13   Next: 31%
Magic:  5/5        EV:  9    Int: 10    God:    Makhleb [*****.]
Gold:   873        SH:  0    Dex: 12    Spells: 12/12 levels left

rFire    + . .     SeeInvis .   F - +1 battleaxe (flame)
rCold    + . .     Gourm    .   (shield currently unavailable)
rNeg     . . .     Faith    .   l - +2 chain mail {rF+}
rPois    .         Spirit   .   H - +2 hat
rElec    .         Reflect  .   (no cloak)
rCorr    .         Harm     .   (no gloves)
MR       +....     Clarity  +   E - +0 pair of boots
Stlth    ..........             (no amulet)
HPRegen  0.00/turn              I - +1 ring of evasion
MPRegen  0.09/turn              c - ring of protection from cold

@: non-regenerating
A: damage resistance, heal wounds, hooves 1, clarity, low mp 1, sense
surroundings 2, no regeneration
a: Heal Wounds, Minor Destruction, Lesser Servant of Makhleb, Major Destruction,
Greater Servant of Makhleb, Renounce Religion


You were on level 6 of the Lair of Beasts.
You worshipped Makhleb.
Makhleb was extremely pleased with you.
You were not hungry.

You visited 2 branches of the dungeon, and saw 16 of its levels.

You collected 968 gold pieces.
You spent 95 gold pieces at shops.

Inventory:

Hand Weapons
 a - a +0 war axe
 F - a +1 battleaxe of flaming (weapon)
   (You took it off Harold on level 8 of the Dungeon)
Missiles
 C - 2 throwing nets (quivered)
Armour
 l - a +2 chain mail of fire resistance (worn)
   (You took it off an orc warrior on level 7 of the Dungeon)
 E - a +0 pair of boots (worn)
   (You found it on level 8 of the Dungeon)
 H - a +2 hat (worn)
   (You found it on level 9 of the Dungeon)
Jewellery
 c - a ring of protection from cold (right hand)
   (You found it on level 1 of the Lair of Beasts)
 i - an uncursed ring of see invisible
   (You found it on level 5 of the Dungeon)
 m - an uncursed ring of protection from magic
   (You found it on level 1 of the Dungeon)
 I - a +1 ring of evasion (left hand)
   (You found it on level 4 of the Dungeon)
Wands
 g - a wand of paralysis (12)
   (You found it on level 6 of the Dungeon)
 v - a wand of digging (4)
   (You found it on level 9 of the Dungeon)
 A - a wand of iceblast (11)
   (You found it on level 5 of the Lair of Beasts)
Scrolls
 f - 4 scrolls of enchant weapon
 j - 3 scrolls of fog
 r - 4 scrolls of identify
 t - 12 scrolls of teleportation
 x - 4 scrolls of remove curse
 y - a scroll of fear
 z - a scroll of blinking
 D - a scroll of vulnerability
 G - a scroll of holy word
Potions
 d - 4 potions of might
 h - a potion of haste
 k - 2 potions of lignification
 n - a potion of resistance
 o - 5 potions of stabbing
 p - a potion of magic
 q - 4 potions of curing
 s - 2 potions of ambrosia
 u - 2 potions of cancellation
 w - 2 potions of heal wounds
 K - 4 potions of brilliance
Comestibles
 b - 12 chunks of flesh
 e - 37 rations


   Skills:
 + Level 9.7 Fighting
 * Level 15.0 Axes
 + Level 11.3 Armour
   Level 7.7 Shields
 + Level 12.1 Invocations


You had 12 spell levels left.
You didn't know any spells.
Your spell library was empty.

Dungeon Overview and Level Annotations

Branches:
Dungeon (10/15)            Temple (0/1) D:7            Lair (6/6) D:10
 Shoals (0/4) Lair:3        Snake (0/4) Lair:2        Slime (0/5) Lair:5
    Orc (0/2) D:9

Altars:
Elyvilon
Hepliaklqana
Kikubaaqudgha
Makhleb
Trog
Jiyva

Shops:
D:6 ?

Annotations:
D:8 2 transporters, Wahll's ghost, novice HuHu


Innate Abilities, Weirdness & Mutations

You are resistant to damage.
You can heal yourself by infusing magical energy.
You passively map the area around you.
You do not regenerate.
You have large cloven feet.
You possess an exceptional clarity of mind.
Your magical capacity is low. (-10% MP)


Message History

The rime drake bites you but does no damage.
You closely miss the rime drake.
The rime drake bites you but does no damage.
You hit the rime drake but do no damage.
The ice encasing you melts away. The rime drake breathes ice at you.
The flash freeze hits you!! You partially resist.
* * * LOW HITPOINT WARNING * * *
You are encased in ice.
You barely miss the rime drake. The rime drake barely misses you.
You closely miss the rime drake. You hit the crocodile. You burn the crocodile.
The rime drake bites you but does no damage.
The crocodile closely misses you.
You slash the rime drake! You burn the rime drake.
The rime drake is heavily wounded.
You closely miss the crocodile. The ice encasing you melts away.
The rime drake breathes ice at you. The flash freeze hits you!!
You partially resist.
You die...

........................PPP.#
.....รท.......P#.........P.P.#
#...........###..........PP.#
#..........###.............#.#
......<....##...........P...##
...........P##..........#...#
..............#......P..P...#
*
.............................#
#..............b@..........###
...............kt...........#
#.......................#....
.............%..............*
,, , ...P.......%.....,,
...#.....(....... , * ,
..#.#.P........P, , ,
............... ,* , , ,, * ,


You could see a rime drake and a crocodile.

Vanquished Creatures
  Gastronok (D:7)
  Harold (D:8)
  3 hydras
  A catoblepas (Lair:5)
  2 two-headed ogres
  3 death yaks (D:10)
  A cyclops (D:10)
  4 black mambas
  A gargoyle (D:10)
  Joseph (D:9)
  Psyche (D:7)
  7 spiny frogs
  3 komodo dragons
  A merfolk (Lair:3)
  Grinder (D:6)
  4 polar bears
  A troll (D:9)
  A hornet (D:9)
  13 blink frogs
  7 hippogriffs
  A spriggan (D:8)
  3 wyverns
  A hungry ghost (D:10)
  27 yaks
  2 basilisks
  7 water moccasins
  11 porcupines
  6 orc warriors
  2 black bears
  An eye of draining (D:9)
  3 sky beasts (D:9)
  7 ogres
  15 wolves
  3 centaurs
  10 crocodiles
  2 big kobolds
  12 bullfrogs
  A gnoll sergeant (D:9)
  A wyvern zombie (D:9)
  2 wyvern skeletons
  3 scorpions
  2 vampire bats (D:6)
  3 electric eels
  3 crimson imps
  3 centaur skeletons
  3 hounds
  4 jellies
  3 orc priests
  12 orc wizards
  5 iguanas
  5 hell rats (Lair:5)
  4 worker ants
  A killer bee zombie (D:8)
  10 gnolls
  7 adders
  A shadow imp (D:6)
  An ooze (D:3)
  2 adder zombies
  4 worms
  12 leopard geckos
  47 orcs
  3 bat skeletons (D:6)
  3 bat zombies (D:6)
  4 giant cockroaches
  A hobgoblin (D:2)
  16 jackals
  A quokka (D:4)
  2 ball pythons
  5 bats
  2 frilled lizards
  4 goblins
  A jackal skeleton (D:4)
  14 kobolds
  2 leopard gecko zombies
  A quokka zombie (D:7)
  2 rats
  A fungus (Lair:3)
  A plant (Lair:1)
372 creatures vanquished.

Vanquished Creatures (others)
  3 fungi
  8 plants
11 creatures vanquished.

Grand Total: 383 creatures vanquished

Notes
Turn   | Place    | Note
-------+----------+-------------------------------------------
     0 | D:1      | Flugslaktarn the Deep Dwarf Fighter began the quest for the
                  | Orb.
     0 | D:1      | Reached XP level 1. HP: 20/20 MP: 1/1
   158 | D:1      | Reached XP level 2. HP: 21/27 MP: 2/2
   295 | D:2      | Reached skill level 3 in Axes
   297 | D:2      | Reached XP level 3. HP: 25/34 MP: 3/3
   346 | D:3      | Noticed a bullfrog
   359 | D:3      | Killed a bullfrog
   359 | D:3      | Reached XP level 4. HP: 30/42 MP: 4/4
   445 | D:3      | Reached skill level 4 in Axes
   445 | D:3      | Reached XP level 5. HP: 27/49 MP: 4/4
   610 | D:4      | Reached XP level 6. HP: 32/57 MP: 5/5
   732 | D:4      | Reached skill level 5 in Axes
   875 | D:4      | Reached XP level 7. HP: 55/64 MP: 5/5
  1045 | D:5      | Entered Level 5 of the Dungeon
  1105 | D:5      | Found a white marble altar of Elyvilon.
  1105 | D:5      | Found a burning altar of Makhleb.
  1148 | D:5      | Became a worshipper of Makhleb the Destroyer
  1196 | D:5      | Found a hazy altar of Hepliaklqana.
  1222 | D:5      | Reached skill level 5 in Armour
  1222 | D:5      | Reached skill level 5 in Shields
  1222 | D:5      | Reached skill level 1 in Invocations
  1278 | D:5      | Reached skill level 6 in Axes
  1626 | D:6      | Found Futaaq's Magic Scroll Emporium.
  1646 | D:6      | Bought a scroll of enchant weapon for 75 gold pieces
  1646 | D:6      | Bought a scroll of fog for 20 gold pieces
  1938 | D:6      | Reached XP level 8. HP: 39/73 MP: 5/5
  2012 | D:6      | Noticed Grinder
  2050 | D:6      | Killed Grinder
  2050 | D:6      | Reached skill level 7 in Axes
  2165 | D:6      | Reached * piety under Makhleb
  2190 | D:6      | Found an ancient bone altar of Kikubaaqudgha.
  2426 | D:7      | Reached skill level 5 in Fighting
  2540 | D:7      | Found a staircase to the Ecumenical Temple.
  2708 | D:7      | Reached skill level 8 in Axes
  2979 | D:7      | Gained mutation: You passively map the area around you.
                  | [Deep Dwarf growth]
  2979 | D:7      | Reached XP level 9. HP: 57/81 MP: 5/5
  3355 | D:8      | Noticed Gastronok
  3359 | D:8      | Noticed Psyche
  3375 | D:7      | Killed Psyche
  3384 | D:7      | Killed Gastronok
  3384 | D:7      | Reached skill level 9 in Axes
  3384 | D:7      | Reached XP level 10. HP: 77/91 MP: 5/7
  3448 | D:8      | Found a transporter.
  3449 | D:8      | Noticed a moth of wrath
  3452 | D:8      | Found a bloodstained altar of Trog.
  3467 | D:8      | Found a transporter.
  3468 | D:8      | Noticed Wahll's ghost (novice HuHu)
  3490 | D:8      | Reached ** piety under Makhleb
  3699 | D:8      | Noticed Harold
  3729 | D:8      | Killed Harold
  3729 | D:8      | Reached skill level 10 in Axes
  4015 | D:9      | Noticed a two-headed ogre
  4050 | D:9      | Killed a two-headed ogre
  4050 | D:9      | Reached skill level 11 in Axes
  4067 | D:9      | Reached *** piety under Makhleb
  4073 | D:9      | Paralysed by a hornet for 3 turns
  4240 | D:9      | Found a staircase to the Orcish Mines.
  4427 | D:9      | Noticed Joseph
  4439 | D:9      | Killed Joseph
  4439 | D:9      | Reached XP level 11. HP: 41/100 MP: 7/7
  4737 | D:10     | Entered Level 10 of the Dungeon
  4827 | D:10     | Noticed a death yak
  4831 | D:10     | Noticed a two-headed ogre
  4837 | D:10     | Found a staircase to the Lair.
  4837 | D:10     | Noticed a death yak
  4839 | D:10     | Noticed a death yak
  4849 | D:10     | Killed a death yak
  4849 | D:10     | Killed a two-headed ogre
  4849 | D:10     | Reached skill level 12 in Axes
  4849 | D:10     | Reached **** piety under Makhleb
  4851 | D:10     | Killed a death yak
  4851 | D:10     | Killed a death yak
  5425 | Lair:1   | Entered Level 1 of the Lair of Beasts
  5438 | Lair:1   | Gained mutation: You have large cloven feet. [potion of
                  | mutation]
  5438 | Lair:1   | Gained mutation: Your magical capacity is low. (-10% MP)
                  | [potion of mutation]
  5438 | Lair:1   | Gained mutation: You possess an exceptional clarity of
                  | mind. [potion of mutation]
  5585 | Lair:1   | Reached skill level 10 in Invocations
  5678 | Lair:1   | Noticed a seven-headed hydra
  5685 | Lair:1   | Killed a three-headed hydra
  5685 | Lair:1   | Reached skill level 13 in Axes
  5685 | Lair:1   | Reached XP level 12. HP: 106/112 MP: 6/6
  6090 | Lair:2   | Reached skill level 10 in Armour
  6488 | Lair:2   | Found a staircase to the Snake Pit.
  6779 | Lair:3   | Reached ***** piety under Makhleb
  7090 | Lair:3   | Noticed a four-headed hydra
  7099 | Lair:3   | Killed a one-headed hydra
  7160 | Lair:3   | Found a staircase to the Shoals.
  7201 | Lair:3   | Reached skill level 14 in Axes
  8601 | Lair:5   | Noticed a catoblepas
  8614 | Lair:5   | Killed a catoblepas
  8672 | Lair:5   | Reached XP level 13. HP: 50/121 MP: 6/6
  8835 | Lair:5   | Found a staircase to the Slime Pits.
  8835 | Lair:5   | Found a viscous altar of Jiyva.
  9336 | Lair:6   | Entered Level 6 of the Lair of Beasts
  9420 | Lair:6   | Reached skill level 15 in Axes
  9502 | Lair:6   | Killed from afar by a rime drake

Levels and vault maps discovered:
D:1:      minmay_arrival_plants_in_alcoves, layout_basic
D:2:      minmay_alternating_diamond, layout_loops_corners
D:3:      layout_basic, nemelex_spade_bored_becter
D:4:      layout_gridville, minmay_fractal_squares_gapless_5
D:5:      layout_rooms, nicolae_overflow_crystal_walls,
          gammafunk_temple_overflow_elements, first_ration
D:6:      layout_gridville, kennysheep_vampire_church, serial_shops,
          shop_fountains, uniq_grinder
D:7:      layout_basic, minmay_temple_entry_butterflies,
          minmay_misc_feat_pillars
D:8:      layout_rooms, gammafunk_ghost_wrathful_warriors, grunt_pizzeria,
          uniq_gastronok, uniq_psyche, uniq_harold
D:9:      layout_layer_cave, david_orc_2, uniq_joseph
D:10:     layout_cave_pools, dpeg_lair_monsters, grunt_ministairs_4, st_stairs_6
Lair:1:   layout_big_grid, grunt_forest_large_clearing_hut
Lair:2:   layout_gridlike, dummy_snake_entry, serial_bayou_shore_b
Lair:3:   layout_concentric_octagons, elwin_shoals_entry_rooms
Lair:4:   layout_hall_layers, serial_bayou, serial_bayou_pond_e,
          serial_bayou_pond_e, serial_bayou_pond_e, serial_bayou_lagoon_b,
          infiniplex_staircase_pool_2
Lair:5:   layout_gridlike, slime_altar_1, grunt_megastairs_2
Lair:6:   hangedman_lair_caniforms_friends, layout_long_grid,
          minmay_lair_oklob_chamber, lemuel_fruit_fields, uniq_josephine

Skill      XL: |  1  2  3  4  5  6  7  8  9 10 11 12 13 |
---------------+----------------------------------------+-----
Axes           | 3 4 5 6 8 9 11 13 14 15 | 15.0
Fighting       | 3 4 5 6 7 8 9 |  9.7
Armour         | 4 5 6 7 8 9 11 | 11.3
Shields        | 4 5 6 7 |  7.7
Invocations    | 2 4 6 8 10 11 12 | 12.1

Action                   |  1- 3 |  4- 6 |  7- 9 | 10-12 | 13-15 || total
-------------------------+-------+-------+-------+-------+-------++-------
Melee: War axe           |    81 |   153 |   319 |   111 |       ||   664
       Battleaxe         |       |       |       |   545 |   102 ||   647
Invok: Minor Destruction |       |       |       |     3 |       ||     3
 Abil: Heal Wounds       |     1 |     5 |    14 |    22 |     2 ||    44
  Use: Scroll            |       |       |    14 |    10 |     1 ||    25
       Potion            |       |       |     1 |     2 |       ||     3
  Eat: Chunk             |       |     1 |     8 |    23 |     1 ||    33
       Ration            |       |       |       |       |     1 ||     1
Armor: Scale mail        |    44 |    78 |       |       |       ||   122
       Chain mail        |       |    13 |   127 |   443 |    85 ||   668
       Skin              |       |       |    47 |       |       ||    47
Dodge: Dodged            |    29 |    60 |    85 |   318 |    67 ||   559
Block: Kite shield       |    52 |    84 |   207 |    51 |       ||   394

Table legend:
 A = Non-vault XP
 B = Vault XP
 C = Vault XP percentage of total XP
 D = Non-vault monster count
 E = Vault monster count
 F = Vault count percentage of total count
                 A         B        C        D         E       F
            +---------+---------+-------+---------+---------+-------
      Total |   36293 |   10090 |  21.8 |     328 |      42 |  11.4
            +---------+---------+-------+---------+---------+-------
        D:1 |      24 |       0 |   0.0 |      15 |       0 |   0.0
        D:2 |       8 |      17 |  68.0 |       2 |       4 |  66.7
        D:3 |     250 |       0 |   0.0 |      20 |       0 |   0.0
        D:4 |     428 |      59 |  12.1 |      26 |       3 |  10.3
        D:5 |     428 |       0 |   0.0 |      14 |       0 |   0.0
        D:6 |     367 |     430 |  54.0 |      14 |       9 |  39.1
        D:7 |     921 |    2735 |  74.8 |      18 |       2 |  10.0
        D:8 |     773 |    1233 |  61.5 |      32 |       2 |   5.9
        D:9 |    2771 |     838 |  23.2 |      24 |       9 |  27.3
       D:10 |    3519 |    3988 |  53.1 |      41 |       9 |  18.0
     Lair:1 |    4128 |     481 |  10.4 |      17 |       3 |  15.0
     Lair:2 |    3648 |       0 |   0.0 |      16 |       0 |   0.0
     Lair:3 |    4666 |     309 |   6.2 |      23 |       1 |   4.2
     Lair:4 |    4133 |       0 |   0.0 |      22 |       0 |   0.0
     Lair:5 |    6752 |       0 |   0.0 |      30 |       0 |   0.0
     Lair:6 |    3477 |       0 |   0.0 |      14 |       0 |   0.0
            +---------+---------+-------+---------+---------+-------
